 Dungeon Crawl Stone Soup version 0.31-a0-940-gdaa99269f9 (webtiles) character file.

Game seed: 8088354149745508599

249 gelatine the Ruffian (level 5, -2/39 HPs)
             Began as a Demonspawn Shapeshifter on Oct 20, 2023.
             Slain by Pikel
             ... wielding a +0 whip of electrocution
              (13 damage)
             ... on level 3 of the Dungeon.
             The game lasted 00:07:41 (2383 turns).

gelatine the Ruffian (Demonspawn Shapeshifter)      Turns: 2383, Time: 00:07:44

Health: -2/39      AC:  4    Str: 16    XL:     5   Next: 87%
Magic:  5/5        EV: 12    Int: 11    God:
Gold:   327        SH:  0    Dex: 15    Spells: 4/4 levels left

rFire   . .          .
                       - Unarmed
rCold   . . .        (no shield)
rNeg    . . .        h - +2 robe {Will+}
rPois   .            (helmet currently unavailable)
rElec   .            (cloak currently unavailable)
rCorr   .            (gloves currently unavailable)
SInv    .            (boots currently unavailable)
Will    +....        (no amulet)
Stlth   +++          (no ring)
HPRegen 0.26/turn    (no ring)
MPRegen 0.09/turn

%: no passive effects
@: beast-form
A: beast (slay +2), claws 2, thin skeletal structure 1, spiny 1
a: Begin Untransformation


You were on level 3 of the Dungeon.
You were a hulking beast.
You visited 1 branch of the dungeon, and saw 4 of its levels.

You collected 327 gold pieces.

Inventory:

Missiles
 n - 2 javelins (quivered)
 p - 6 poisoned darts
 q - 3 silver javelins
Armour
 g - a +0 pair of boots
 h - a +2 robe of willpower (worn)
Magical Staves
 f - a staff of poison
Talismans
 c - a beast talisman (active)
 d - a flux talisman
Scrolls
 e - a scroll of teleportation {unknown}
 m - 2 scrolls of revelation {unknown}
 s - a scroll of torment {unknown}
Potions
 a - a potion of enlightenment {unknown}
 b - a potion of lignification
 i - a potion of ambrosia
 j - a potion of mutation
 k - 6 potions of curing {unknown}
 r - 2 potions of magic {unknown}


   Skills:
 * Level 2.4 Fighting
 + Level 0.4 Throwing
 + Level 0.3 Armour
 * Level 2.4 Dodging
 + Level 0.8 Stealth
 * Level 4.0 Unarmed Combat
 + Level 1.2 Evocations
 * Level 3.6 Shapeshifting


You had 4 spell levels left.
You didn't know any spells.
Your spell library contained the following spells:

 Spells                   Type           Power      Damage    Failure   Level
 Summon Small Mammal      Summ           0%         N/A       34%         1
 Cigotuvi's Dreadful Rot  Necr/Pois/Air  0%         N/A       47%         2
 Call Canine Familiar     Summ           0%         N/A       71%         3
 Ignite Poison            Fire/Tmut/Pois 0%         N/A       71%         3
 Summon Guardian Golem    Hex/Summ       0%         N/A       71%         3
 Freezing Cloud           Conj/Ice/Air   0%         6-21      100%        5


Dungeon Overview and Level Annotations

Branches:
Dungeon (4/15)
 Temple: D:4-7

Altars:
Fedhas
Makhleb
Qazlal
Uskayaw
Yredelemnul

Annotations:
D:3 1 runed translucent door, Pikel; Runia's ghost, amateur MfIE


Innate Abilities, Weirdness & Mutations

You are a hulking beast.
Your limbs bulge with bestial killing power. (Slay +2)
You have very sharp fingernails.
You have a somewhat thin skeletal structure. (Dex +2, Stealth+)
You are partially covered in sharp spines.


Message History

The hound is struck by your spines. The hound barely misses you.
The hound is struck by your spines. The hound bites you.
A lemure comes into view.
The hound barely misses you.
Things that are here:
a +0 war axe; a +0 robe; a +1 dagger of flaming The hound barely misses you.
There is a stone staircase leading up here.
The lemure shouts!
You scratch the hound. Your claw misses the hound.
The hound is almost dead.
The hound is struck by your spines.
You kill the hound!
Your Unarmed Combat skill increases to level 4!
Pikel is struck by your spines.
Pikel hits you with a +0 whip of electrocution.
You climb upwards.
Level annotation: 1 runed translucent door, Runia's ghost, amateur MfIE
There is a stone staircase leading down, spattered with blood here.
You barely miss Pikel.
Pikel is lightly wounded.
Pikel is struck by your spines. Pikel barely misses you.
You claw Pikel! Your claw misses Pikel.
Pikel is heavily wounded.
Pikel hits you with a +0 whip of electrocution!
You scratch Pikel but do no damage.
Pikel is heavily wounded.
Pikel hits you but does no damage.
You claw Pikel!
Pikel is severely wounded.
You scratch Pikel.
Pikel is severely wounded.
Pikel hits you with a +0 whip of electrocution!
You scratch Pikel but do no damage.
Pikel is severely wounded.
Pikel hits you with a +0 whip of electrocution.
* * * LOW HITPOINT WARNING * * *
You are electrocuted!
You die...
Pikel says, "Another soul for the market."

#.#.#.# #.##.## ##.### #####
#.#.############# ###....
#.##..#.........# ###......
#..##.#.........# ##.......#
####.###.........# ##......##.
..##.##....#+#.[K# #.....##...
...........#W#..h# ###.#.##...##
...........#S#.[.####....#.......
.......>...#~#..........#....##..
...........#~#...###....#........
..)).).[...#$#...# #...#.........
...).......#~#...# #...#..#...)..
..........##########..#...#....##
....).....#..######...#.#.....#..
..........##.##......#..#.....#..


You could see Pikel, Runia's ghost and an adder.

Vanquished Creatures
  An orc priest (D:3)
  A hound (D:4)
  A jelly (D:3)
  2 orc wizards
  4 adders
  A dart slug (D:1)
  A worm (D:3)
  12 orcs
  3 bats
  2 endoplasms
  3 giant cockroaches
  3 goblins
  6 hobgoblins
  3 jackals (D:1)
  2 quokkas
  4 ball pythons
  2 frilled lizards
  9 kobolds
  5 rats
65 creatures vanquished.

Notes
Turn   | Place    | Note
-------+----------+-------------------------------------------
     0 | D:1      | gelatine the Demonspawn Shapeshifter began the quest for
                  | the Orb.
     0 | D:1      | Reached XP level 1. HP: 15/15 MP: 1/1
   234 | D:1      | Gained mutation: You are partially covered in sharp spines.
                  | [demonic ancestry]
   234 | D:1      | Reached XP level 2. HP: 21/21 MP: 2/2
   368 | D:1      | Reached skill level 3 in Unarmed Combat
   893 | D:2      | Gained mutation: You have a somewhat thin skeletal
                  | structure. (Dex +2, Stealth+) [demonic ancestry]
   893 | D:2      | Reached XP level 3. HP: 21/26 MP: 3/3
   934 | D:2      | Found a faded altar of an unknown god.
  1611 | D:3      | Found a blossoming altar of Fedhas.
  1648 | D:3      | Gained mutation: You have sharp fingernails. [demonic
                  | ancestry]
  1648 | D:3      | Reached XP level 4. HP: 30/33 MP: 4/4
  1719 | D:3      | HP: 1/33 [orc priest/+0 whip (5)]
  1740 | D:3      | Found a runed translucent door.
  1777 | D:3      | Found a hide-covered altar of Uskayaw.
  1777 | D:3      | Found a stormy altar of Qazlal.
  1905 | D:3      | Gained mutation: You have very sharp fingernails. [demonic
                  | ancestry]
  1905 | D:3      | Reached XP level 5. HP: 38/38 MP: 5/5
  2061 | D:3      | Noticed Runia's ghost (amateur MfIE)
  2087 | D:3      | Found a burning altar of Makhleb.
  2264 | D:4      | Reached skill level 1 in Evocations
  2350 | D:4      | Found a basalt altar of Yredelemnul.
  2360 | D:4      | Noticed Pikel
  2362 | D:4      | Noticed a lemure
  2366 | D:4      | Noticed a lemure
  2372 | D:4      | Noticed a lemure
  2376 | D:4      | Reached skill level 4 in Unarmed Combat
  2376 | D:4      | Noticed a lemure
  2383 | D:3      | Slain by Pikel

Illustrated notes

Levels and vault maps discovered:
D:1:      lightli_arrival_maybe_door_vault, layout_loops_cross
D:2:      layout_loops_ring, dreamdust_ecumenical_altar_grove, minivault_25,
          minmay_misc_feat_x, grunt_ministairs_13
D:3:      layout_rooms, marbit_many_paths,
          chequers_temple_overflow_statue_of_worship, fedhas_altar_3,
          ebering_ghost_sewer_d, hangedman_decor_peaks_small, nrook_mini_vaults,
          minivault_24, minmay_goblin_kobold_house
D:4:      layout_cave_pools, amcnicky_altar_gilded,
          minmay_temple_entry_junction, uniq_pikel, uniq_eustachio

Skill      XL: |  1  2  3  4  5 |
---------------+----------------+-----
Shapeshifting  | 3 |  3.6
Unarmed Combat | 3 4 |  4.0
Fighting       | 2 |  2.4
Dodging        | 2 |  2.4
Evocations     | 1 |  1.2
Throwing       | |  0.4
Armour         | |  0.3
Stealth        | |  0.8

Action                     |  1- 3 |  4- 6 || total
---------------------------+-------+-------++-------
  Melee: Unarmed           |    72 |    56 ||   128
         Punch             |     1 |       ||     1
  Throw: Stone             |    22 |       ||    22
         Javelin           |       |     1 ||     1
  Evoke: Wand              |       |    21 ||    21
    Use: Scroll            |       |     3 ||     3
         Potion            |       |     1 ||     1
   Stab: Sleeping          |     3 |     3 ||     6
 Armour: Ring mail         |     9 |       ||     9
         Animal skin       |     4 |       ||     4
         Robe              |    22 |    44 ||    66
  Dodge: Dodged            |    27 |    45 ||    72

Table legend: (Time is in decaauts)
 A = Elapsed time spent in this place.
 B = Non-inter-level travel time spent in this place.
 C = Inter-level travel time spent in this place.
 D = Time resting spent in this place.
 E = Time spent auto-exploring this place.
 F = Levels seen in this place.
 G = Mean time per level.
                   A        B        C        D        E       F      G
               +--------+--------+--------+--------+--------+-----+--------+
         Total |   2379 |   2287 |     92 |      0 |   1707 |   4 |  594.8 |
       Dungeon |   2379 |   2287 |     92 |      0 |   1707 |   4 |  594.8 |
               +--------+--------+--------+--------+--------+-----+--------+

Top non-repeatable levels by time:
     D:1: 875 daAuts
     D:3: 729 daAuts
     D:2: 723 daAuts
     D:4: 50 daAuts
